 Dungeon Crawl Stone Soup version 0.30-a0-219-gf2db51d15e (webtiles) character file.

Game seed: 10360676824830160057

1 freelancePsychic the Chucker (level 1, 0/22 HPs)
             Began as an Ogre Wanderer on Oct 8, 2022.
             Slain by a quokka (4 damage)
             ... on level 1 of the Dungeon.
             The game lasted 00:00:27 (27 turns).

freelancePsychic the Chucker (Ogre Wanderer)          Turns: 27, Time: 00:00:27

Health: 0/22       AC:  4    Str: 13    XL:     1   Next: 20%
Magic:  2/2        EV:  9    Int: 16    God:
Gold:   0          SH:  0    Dex:  7    Spells: 1/2 levels left

rFire   . . .      SeeInvis .    a - +0 dagger (vorpal)
rCold   . . .      Faith    .    (no shield)
rNeg    . . .      Spirit   .    e - +0 robe
rPois   .          Reflect  .    (helmet restricted)
rElec   .          Harm     .    c - +0 cloak
rCorr   .          Rampage  .    (gloves unavailable)
Will    .....                    (boots unavailable)
Stlth   +.........               (no amulet)
HPRegen 0.23/turn                (no ring)
MPRegen 0.08/turn                (no ring)

@: no status effects
A: large, unfitting armour, tough skin 1
a: no special abilities


You were on level 1 of the Dungeon.
You visited 1 branch of the dungeon, and saw 1 of its levels.

Inventory:

Hand Weapons
 a - a +0 vorpal dagger (weapon)
Missiles
 b - a curare-tipped dart (quivered)
Armour
 c - a +0 cloak (worn)
 e - a +0 robe (worn)
Scrolls
 d - a scroll of blinking


   Skills:
 + Level 2.9 Fighting
 - Level 3.0 Throwing
 - Level 1.0 Stealth
 - Level 1.2 Spellcasting
 - Level 1.7 Hexes
 - Level 1.0 Evocations


You had one spell level left.
You knew the following spells:

 Your Spells              Type           Power      Damage    Failure   Level
a - Slow                  Hex            24%        N/A       11%         1

Your spell library contained the following spells:

 Spells                   Type           Power      Damage    Failure   Level
 Portal Projectile        Hex/Tloc       6%         N/A       43%         3


Dungeon Overview and Level Annotations

Branches:
Dungeon (1/15)

Altars:


Innate Abilities, Weirdness & Mutations

You are too large for most types of armour.
You have tough skin. (AC +1)


Message History

You completely miss the quokka.
The quokka bites you but does no damage.
The hobgoblin hits you but does no damage.
You closely miss the quokka. The quokka barely misses you.
The hobgoblin hits you.
You barely miss the quokka. The quokka barely misses you.
The hobgoblin barely misses you.
You closely miss the quokka. The quokka bites you.
The quokka bites you but does no damage.
The hobgoblin hits you but does no damage.
You closely miss the quokka.
The quokka bites you but does no damage.
The hobgoblin hits you.
You miss the quokka. The quokka barely misses you.
The hobgoblin hits you but does no damage.
You closely miss the quokka. The quokka barely misses you.
The hobgoblin hits you but does no damage.
You hit the quokka.
The quokka is heavily wounded.
The quokka barely misses you. The hobgoblin hits you.
You hit the quokka.
The quokka is almost dead.
The quokka bites you but does no damage.
The quokka bites you. The hobgoblin hits you.
* * * LOW HITPOINT WARNING * * *
Throw: 3 darts (curare)
Press: ? - help, Q - select action, (/) - cycle Shift-Dir - straight line, f - quokka
Aim: a quokka (almost dead, 41% to hit)
You throw a curare-tipped dart.
The curare-tipped dart closely misses the quokka.
The quokka bites you.
* * * LOW HITPOINT WARNING * * *
Throw: 2 darts (curare)
Press: ? - help, Q - select action, (/) - cycle Shift-Dir - straight line, f/p - quokka
Aim: a quokka (almost dead, 41% to hit)
You throw a curare-tipped dart.
The curare-tipped dart barely misses the quokka.
The hobgoblin hits you but does no damage.
The quokka bites you.
You die...

#. ##.##
##..(## #
###.....##.#
##........#.#
##...........#
#.......rg...#
#...8..†@..#
#...##.....#.#
##...##.......#
#.....8......##
##..$......###
##.......##
##.....###
#.....##
#...###


You could see a quokka and a hobgoblin.

Vanquished Creatures
  A hobgoblin (D:1)
1 creature vanquished.

Notes
Turn   | Place    | Note
-------+----------+-------------------------------------------
     0 | D:1      | freelancePsychic the Ogre Wanderer began the quest for the
                  | Orb.
     0 | D:1      | freelancePsychic set off with the following items: a +0
                  | vorpal dagger, 3 curare-tipped darts, a +0 cloak, a scroll
                  | of blinking, a +0 robe; and the following spell memorised:
                  | Slow; and the following spells available to memorise:
                  | Portal Projectile.
     0 | D:1      | Reached XP level 1. HP: 22/22 MP: 2/2
    27 | D:1      | Slain by a quokka

Illustrated notes

Levels and vault maps discovered:
D:1:      eino_arrival_cavern_d, layout_basic, dreamdust_ecumenical_altar_grove,
          minmay_pentomino_s4

Action                   || total
-------------------------++-------
Melee: Dagger            ||    16
Throw: Dart              ||     2
Armor: Robe              ||    15
Dodge: Dodged            ||    13

Table legend: (Time is in decaauts)
 A = Elapsed time spent in this place.
 B = Non-inter-level travel time spent in this place.
 C = Inter-level travel time spent in this place.
 D = Time resting spent in this place.
 E = Time spent auto-exploring this place.
 F = Levels seen in this place.
 G = Mean time per level.
                   A        B        C        D        E       F      G
               +--------+--------+--------+--------+--------+-----+--------+
         Total |     26 |     26 |      0 |      0 |      3 |   1 |   26.0 |
       Dungeon |     26 |     26 |      0 |      0 |      3 |   1 |   26.0 |
               +--------+--------+--------+--------+--------+-----+--------+

Top non-repeatable levels by time:
     D:1: 26 daAuts
